[Event "Titled Tuesday Blitz November 08 Early 2022"]
[White "Aradhya, Garg"]
[Black "Turzo, Attila"]
[WhiteFideId "25006746"]
[BlackFideId "704954"]
[WhiteElo "2223"]
[BlackElo "2523"]
[Result "1-0"]
[Round "06"]
[TimeControl "180+1"]
[Date "2022.11.09"]
[WhiteClock "0:01:05"]
[BlackClock "0:00:02"]

1. d4 Nf6 2. Nf3 g6 3. Bg5 Bg7 4. Nbd2 d5 5. e3 O-O 6. Bd3 c5 7. c3 Nc6 8. dxc5 Nd7 9. Nb3 f6 10. Bh4 e5 11. e4 dxe4 12. Bxe4 Qe7 13. O-O Nxc5 14. Qd5+ Ne6 15. Nxe5 Nxe5 16. Qxe5 Kh8 17. Qb5 Qf7 18. Bg3 f5 19. Bd5 Qf6 20. Rae1 f4 21. Bxe6 Bxe6 22. Bxf4 Bxb3 23. Be5 Qf7 24. axb3 Bxe5 25. Qxe5+ Kg8 26. h4 Rae8 27. Qd4 a6 28. b4 Rd8 29. Qe3 Rfe8 30. Qg3 Rxe1 31. Rxe1 Rd2 32. Qb8+ Kg7 33. Qe5+ Kg8 34. Qe8+ Qxe8 35. Rxe8+ Kf7 36. Rb8 Rxb2 37. Rxb7+ Kf6 38. Rxh7 Rc2 39. Ra7 Ke5 40. Rxa6 Rxc3 41. Rxg6 Rc4 42. Rg5+ Kf6 43. g3 Rxb4 44. Kg2 Rc4 45. Ra5 Rd4 46. h5 Rc4 47. Kh3 Rb4 48. f4 Rc4 49. Kg4 Rb4 50. Ra6+ Kg7 51. Kg5 Rb1 52. f5 Rg1 53. h6+ Kh7 54. Ra7+ Kh8 55. g4 Kg8 56. f6 Kh8 57. f7 Rf1 58. Kg6 Rf2 59. Ra8# 1-0


[Site "https://www.chess.com"]

[Event "Titled Tuesday Blitz November 08 Early 2022"]
[White "Artemenko, Oleg"]
[Black "Sarana, Alexey"]
[WhiteFideId "14201798"]
[BlackFideId "24133795"]
[WhiteElo "2287"]
[BlackElo "2708"]
[Result "0-1"]
[Round "06"]
[TimeControl "180+1"]
[Date "2022.11.08"]
[WhiteClock "0:00:10"]
[BlackClock "0:00:14"]

1. d4 Nf6 2. Nc3 d5 3. Bf4 a6 4. e3 c5 5. dxc5 e6 6. Na4 Nc6 7. c3 h6 8. Nf3 Nh5 9. Bd3 Nxf4 10. exf4 Be7 11. Qc2 O-O 12. O-O-O Bd7 13. g4 Qc7 14. Qd2 Nb4 15. Nb6 Nxd3+ 16. Qxd3 Qxf4+ 17. Qe3 Qxe3+ 18. fxe3 Rad8 19. Nxd7 Rxd7 20. b4 b6 21. cxb6 Rb7 22. Rhe1 Rc8 23. Kd2 Rxb6 24. e4 dxe4 25. Rxe4 Bf6 26. Rc1 Rd6+ 27. Ke2 Rxc3 28. Rxc3 Bxc3 29. Rc4 Bf6 30. Rc8+ Kh7 31. h4 g5 32. hxg5 hxg5 33. a4 Rb6 34. Rc4 Kg6 35. Kd3 Bg7 36. Rc5 f5 37. gxf5+ exf5 38. b5 axb5 39. axb5 Rb8 40. Ke3 Bf6 41. Nd2 Re8+ 42. Kf3 g4+ 43. Kg3 Re3+ 44. Kf2 Bd4 45. Rd5 Ba7 46. Kf1 Kg5 47. Nc4 Rf3+ 48. Ke1 g3 49. Rd8 Kf4 50. Rg8 Rb3 51. Nd6 Bc5 52. Nc4 Rxb5 53. Ke2 Rb3 54. Nd2 Re3+ 55. Kf1 Rd3 56. Ke2 Ra3 57. Nc4 Ra2+ 58. Kf1 Rf2+ 59. Ke1 g2 60. Nd2 Rxd2 61. Kxd2 g1=Q 62. Rxg1 Bxg1 63. Ke2 Ba7 64. Kf1 Kg3 65. Ke2 f4 66. Kf1 f3 67. Ke1 Kg2 68. Kd2 f2 69. Kd3 f1=Q+ 70. Ke4 Qc4+ 71. Ke5 Bd4+ 72. Kf5 Qd5+ 73. Kg6 Qe6+ 74. Kh7 Qf7+ 75. Kh6 Be3# 0-1


[Site "https://www.chess.com"]

[Event "Titled Tuesday Blitz November 08 Early 2022"]
[White "Artemiev, Vladislav"]
[Black "Salinas Herrera, Pablo"]
[WhiteFideId "24101605"]
[BlackFideId "3407128"]
[WhiteElo "2802"]
[BlackElo "2557"]
[Result "1-0"]
[Round "06"]
[TimeControl "180+1"]
[Date "2022.11.08"]
[WhiteClock "0:00:40"]
[BlackClock "0:00:05"]

1. Nf3 d5 2. g3 Nf6 3. Bg2 Bg4 4. c4 c6 5. Ne5 Be6 6. cxd5 Bxd5 7. Nf3 c5 8. Nc3 Bc6 9. O-O e6 10. d3 Be7 11. e4 O-O 12. Qe2 Nbd7 13. d4 b6 14. Rd1 Re8 15. dxc5 bxc5 16. Ne5 Nxe5 17. Rxd8 Rexd8 18. Be3 Rab8 19. h3 Nd3 20. b3 Ne5 21. Rc1 Nfd7 22. f4 Ng6 23. e5 Bxg2 24. Kxg2 Nb6 25. h4 Nd5 26. Nxd5 Rxd5 27. h5 Nf8 28. Qa6 Rd7 29. Bxc5 Bxc5 30. Rxc5 Rd2+ 31. Kh3 Nd7 32. Rc8+ Rxc8 33. Qxc8+ Nf8 34. a4 Rd3 35. b4 h6 36. b5 Rd4 37. a5 Rb4 38. b6 axb6 39. a6 Ra4 40. Qb7 1-0


[Site "https://www.chess.com"]

[Event "Titled Tuesday Blitz November 08 Early 2022"]
[White "Baches Garcia, Guillermo"]
[Black "Kozak, Antoni"]
[WhiteFideId "2209764"]
[BlackFideId "21832030"]
[WhiteElo "2467"]
[BlackElo "2447"]
[Result "0-1"]
[Round "06"]
[TimeControl "180+1"]
[Date "2022.11.09"]
[WhiteClock "0:00:11"]
[BlackClock "0:01:10"]

1. e4 c6 2. c4 d5 3. exd5 cxd5 4. cxd5 Nf6 5. Nc3 Nxd5 6. Nf3 Nc6 7. Bb5 g6 8. Qa4 Nb6 9. Qh4 Bg7 10. Bxc6+ bxc6 11. d4 Ba6 12. Bh6 Bf6 13. Bg5 O-O 14. Ne4 Nd7 15. O-O-O Rb8 16. Rhe1 Qa5 17. Nc3 Bc4 18. Bxf6 exf6 19. Re7 Be6 20. Qe4 Qb4 0-1


[Site "https://www.chess.com"]

[Event "Titled Tuesday Blitz November 08 Early 2022"]
[White "Bacrot, Etienne"]
[Black "Andreikin, Dmitry"]
[WhiteFideId "605506"]
[BlackFideId "4158814"]
[WhiteElo "2666"]
[BlackElo "2736"]
[Result "0-1"]
[Round "06"]
[TimeControl "180+1"]
[Date "2022.11.08"]
[WhiteClock "0:01:31"]
[BlackClock "0:01:58"]

1. d4 Nf6 2. Nf3 e6 3. g3 b5 4. Bg2 Bb7 5. O-O a5 6. a4 b4 7. c4 bxc3 8. bxc3 Be7 9. Nbd2 O-O 10. Rb1 Bc6 11. Qc2 d6 12. e4 Qe8 13. Ra1 Nbd7 14. Re1 Nb6 15. e5 Nfd5 16. Ne4 Bxa4 17. Qb1 Qb5 18. Bb2 Nc4 19. Neg5 g6 0-1


[Site "https://www.chess.com"]

[Event "Titled Tuesday Blitz November 08 Early 2022"]
[White "Bagwe Gaurang"]
[Black "Pultinevicius, Paulius"]
[WhiteFideId "45039895"]
[BlackFideId "12809390"]
[WhiteElo "1847"]
[BlackElo "2493"]
[Result "0-1"]
[Round "06"]
[TimeControl "180+1"]
[Date "2022.11.09"]
[WhiteClock "0:00:01"]
[BlackClock "0:01:23"]

1. e4 e5 2. Nf3 Nc6 3. Bb5 Nf6 4. O-O Nxe4 5. d4 Nd6 6. dxe5 Nxb5 7. a4 d6 8. axb5 Nxe5 9. Nxe5 dxe5 10. Qxd8+ Kxd8 11. Bg5+ f6 12. Rd1+ Ke8 13. Be3 Bf5 14. c4 Bb4 15. Nc3 c6 16. bxc6 bxc6 17. Rxa7 Rxa7 18. Bxa7 Ke7 19. Na2 Bd6 20. c5 Bc7 21. Nb4 Bd7 22. Ra1 Ra8 23. Ra6 Bc8 24. Ra3 Bb7 25. Bb6 Rxa3 26. bxa3 Bxb6 27. cxb6 Kd6 28. a4 Kc5 29. Nd3+ Kc4 30. Nc1 Kb4 31. Nd3+ Kc4 32. Nc1 Kc5 33. a5 Kb4 34. f4 exf4 35. Nd3+ Kxa5 36. Nxf4 Kxb6 37. Ne6 g5 38. Nf8 h6 39. Nd7+ Ka5 40. Nxf6 c5 41. Kf2 c4 42. Ke3 Bxg2 43. Ng4 h5 44. Nf6 h4 45. Kd2 Kb4 46. Ng4 c3+ 47. Kc1 Bf3 0-1


[Site "https://www.chess.com"]

[Event "Titled Tuesday Blitz November 08 Early 2022"]
[White "Barash, Anton"]
[Black "Paszewski, Mateusz"]
[WhiteFideId "30935229"]
[BlackFideId "1141058"]
[WhiteElo "2270"]
[BlackElo "2263"]
[Result "0-1"]
[Round "06"]
[TimeControl "180+1"]
[Date "2022.11.09"]
[WhiteClock "0:00:01"]
[BlackClock "0:00:03"]

1. e4 c5 2. Nf3 d6 3. d4 cxd4 4. Nxd4 Nf6 5. Nc3 a6 6. Bg5 Nbd7 7. f4 Qc7 8. Qe2 h6 9. Bh4 e5 10. Nf5 g6 11. Ne3 Be7 12. Bxf6 Nxf6 13. Ned5 Qd8 14. fxe5 dxe5 15. O-O-O Nxd5 16. Nxd5 Bg5+ 17. Kb1 Be6 18. h4 Bxh4 19. Nf4 Qe7 20. Nxe6 fxe6 21. Qg4 Bg5 22. Bc4 Rf8 23. Bxe6 Rf4 24. Bd7+ Kf8 25. Rdf1 Kg7 26. Rxf4 Bxf4 27. Be6 Rd8 28. Bd5 Rd6 29. a3 Qd7 30. Qf3 Rf6 31. Qb3 b5 32. Ka2 Bg5 33. Rd1 Rd6 34. Qf3 Qe7 35. Qb3 Rf6 36. Rd3 Rd6 37. Rf3 Rf6 38. Rd3 Rd6 39. Rc3 Rd8 40. Rc6 Rd6 41. Rc8 Rd8 42. Rc6 Rd6 43. Qc3 Rxc6 44. Qxc6 h5 45. Qxa6 Qc5 46. Qb7+ Kh6 47. Qf7 Qxc2 0-1


[Site "https://www.chess.com"]

[Event "Titled Tuesday Blitz November 08 Early 2022"]
[White "Barria Santos, Jose Guilherme"]
[Black "Ciuffoletti, Paolo"]
[WhiteFideId "1939300"]
[BlackFideId "807630"]
[WhiteElo "2273"]
[BlackElo "2143"]
[Result "0-1"]
[Round "06"]
[TimeControl "180+1"]
[Date "2022.11.09"]
[WhiteClock "0:00:20"]
[BlackClock "0:00:46"]

1. Nf3 d5 2. g3 g6 3. Bg2 Bg7 4. O-O c5 5. d3 Nf6 6. Nbd2 O-O 7. e4 Nc6 8. c3 b5 9. Qc2 a5 10. Rd1 b4 11. exd5 Nxd5 12. Ne4 Qb6 13. c4 Nf6 14. Be3 Nxe4 15. dxe4 Nd4 16. Bxd4 cxd4 17. e5 Bb7 18. c5 Qc6 19. Nh4 Qc7 20. Bxb7 Qxb7 21. c6 Qb6 22. Nf3 Rfd8 23. Qc4 d3 24. Rac1 Rac8 25. Rxd3 Rxd3 26. Qxd3 Rxc6 27. Rxc6 Qxc6 28. Qd8+ Bf8 29. Qd3 Qc1+ 30. Kg2 Qxb2 31. Qb3 Qxb3 32. axb3 Bh6 33. Kf1 a4 34. Ke2 a3 35. Nd4 a2 36. Nc2 Bc1 37. Kd3 Bb2 38. f4 a1=Q 39. Nxa1 Bxa1 40. Kc4 Bc3 41. Kd5 Kf8 42. g4 Ke8 43. f5 Kd7 44. e6+ fxe6+ 45. fxe6+ Kc7 46. h4 h6 47. h5 g5 0-1


[Site "https://www.chess.com"]

[Event "Titled Tuesday Blitz November 08 Early 2022"]
[White "Beerdsen, Thomas"]
[Black "Gholami Orimi, Mahdi"]
[WhiteFideId "1030108"]
[BlackFideId "12558486"]
[WhiteElo "2567"]
[BlackElo "2330"]
[Result "1/2-1/2"]
[Round "06"]
[TimeControl "180+1"]
[Date "2022.11.08"]
[WhiteClock "0:00:16"]
[BlackClock "0:00:54"]

1. g4 d5 2. Bg2 c6 3. c4 dxc4 4. Na3 Bxg4 5. Nxc4 Nf6 6. Nf3 Nbd7 7. d3 Qc7 8. Bg5 e5 9. a3 Be7 10. Rc1 O-O 11. Ne3 Be6 12. Bh4 Rae8 13. Kf1 Nd5 14. Nxd5 Bxd5 15. Bg3 f5 16. e4 fxe4 17. dxe4 Bxe4 18. Qe2 Bd5 19. Rg1 Bd6 20. Ng5 e4 21. Bxe4 Bxe4 22. Nxe4 Bxg3 23. Rxg3 Qf4 24. Re1 Kh8 25. Qg4 Qxg4 26. Rxg4 Ne5 27. Rg3 Nf3 28. Re3 Nd4 29. Nd6 Rd8 30. Nxb7 Rb8 31. Nd6 Rxb2 32. Nf7+ Kg8 33. Nh6+ Kh8 34. Nf7+ Kg8 35. Nh6+ Kh8 36. Nf7+ 1/2-1/2


[Site "https://www.chess.com"]

[Event "Titled Tuesday Blitz November 08 Early 2022"]
[White "Begunov, Konstantin"]
[Black "Kodinets, Konstantin L."]
[WhiteFideId "4118510"]
[BlackFideId "4122011"]
[WhiteElo "2140"]
[BlackElo "2447"]
[Result "1-0"]
[Round "06"]
[TimeControl "180+1"]
[Date "2022.11.09"]
[WhiteClock "0:00:19"]
[BlackClock "0:00:01"]

1. d4 d6 2. e4 Nf6 3. f3 Nbd7 4. c4 c6 5. Nc3 e5 6. Nge2 Be7 7. Be3 O-O 8. Qd2 d5 9. exd5 cxd5 10. cxd5 exd4 11. Qxd4 Bc5 12. Qd2 Bxe3 13. Qxe3 Re8 14. Qd4 Qa5 15. O-O-O Nb6 16. Ng3 Bd7 17. Kb1 Rac8 18. Nge4 Bf5 19. Bb5 Nxe4 20. fxe4 Rxe4 21. Nxe4 Qxb5 22. Ka1 Rc4 23. Nd6 Rxd4 24. Nxb5 Rxd5 25. Nd6 Be6 26. Nxb7 h5 27. Nd6 Rg5 28. g3 h4 29. gxh4 Rg2 30. Ne4 1-0


[Site "https://www.chess.com"]

[Event "Titled Tuesday Blitz November 08 Early 2022"]
[White "Berdychevskaya, Natasha"]
[Black "Averjanov, Alexey"]
[WhiteFideId "4159322"]
[BlackFideId "14109867"]
[WhiteElo "2108"]
[BlackElo "2581"]
[Result "0-1"]
[Round "06"]
[TimeControl "180+1"]
[Date "2022.11.09"]
[WhiteClock "0:00:09"]
[BlackClock "0:00:41"]

1. d4 d5 2. Bf4 Nf6 3. e3 e6 4. Nf3 c5 5. c3 Bd6 6. Bg3 Qc7 7. Bd3 Nbd7 8. Nbd2 O-O 9. O-O e5 10. dxe5 Nxe5 11. Nxe5 Bxe5 12. Bxe5 Qxe5 13. h3 b6 14. Qc2 Bb7 15. a4 a5 16. Rad1 Rad8 17. Rfe1 Rd6 18. e4 dxe4 19. Nc4 exd3 20. Nxe5 dxc2 21. Rxd6 Re8 22. Nd3 c4 23. Rxe8+ Nxe8 24. Rd8 Kf8 25. Nc1 Ke7 26. Rd2 Nd6 27. Rxc2 Bc6 28. Ne2 Bxa4 29. Rd2 Ne4 30. Rd4 Nd6 31. Nf4 Bc6 32. Nd5+ Bxd5 33. Rxd5 Ke6 34. Rd4 b5 35. g4 b4 36. cxb4 axb4 37. f4 c3 38. bxc3 bxc3 39. Rd3 Nb5 40. Rd8 Nd6 41. Ra8 Kd5 42. Kf2 c2 43. Ra1 Kd4 44. Ke2 Nc4 45. Ra4 c1=Q 0-1


[Site "https://www.chess.com"]

[Event "Titled Tuesday Blitz November 08 Early 2022"]
[White "Besedes, Danilo"]
[Black "Le, Tuan Minh"]
[WhiteFideId "946796"]
[BlackFideId "12401153"]
[WhiteElo "2352"]
[BlackElo "2530"]
[Result "0-1"]
[Round "06"]
[TimeControl "180+1"]
[Date "2022.11.08"]
[WhiteClock "0:00:34"]
[BlackClock "0:02:19"]

1. Nf3 d5 2. d4 Nf6 3. e3 c6 4. c4 Bf5 5. Nc3 e6 6. h3 Nbd7 7. Nh4 Be4 8. Bd2 Bd6 9. Nxe4 Nxe4 10. Nf3 O-O 11. Bd3 f5 12. O-O Rf6 13. Bc3 Rg6 14. Rc1 Qf6 15. Nd2 Qh4 16. Bxe4 Qxh3 17. f4 Qxe3+ 18. Kh1 Rh6+ 0-1


[Site "https://www.chess.com"]

[Event "Titled Tuesday Blitz November 08 Early 2022"]
[White "Bettalli, Francesco"]
[Black "Weetik, Vjacheslav"]
[WhiteFideId "2816453"]
[BlackFideId "4153472"]
[WhiteElo "2216"]
[BlackElo "2469"]
[Result "0-1"]
[Round "06"]
[TimeControl "180+1"]
[Date "2022.11.09"]
[WhiteClock "0:02:11"]
[BlackClock "0:01:33"]

1. d4 d5 2. Nc3 Nf6 3. Bg5 Nbd7 4. Qd3 c5 5. e4 dxe4 6. Nxe4 cxd4 7. O-O-O Qa5 8. Bxf6 gxf6 9. Kb1 e5 10. f4 Be7 11. Nf3 f5 12. fxe5 fxe4 13. Qxe4 Nc5 14. Qxd4 Be6 15. a3 Rd8 0-1


[Site "https://www.chess.com"]

[Event "Titled Tuesday Blitz November 08 Early 2022"]
[White "Bilan, Danila"]
[Black "Rosenberg, Evan S"]
[WhiteFideId "24161918"]
[BlackFideId "2019299"]
[WhiteElo "2173"]
[BlackElo "2378"]
[Result "0-1"]
[Round "06"]
[TimeControl "180+1"]
[Date "2022.11.09"]
[WhiteClock "0:00:04"]
[BlackClock "0:00:10"]

1. d4 d5 2. Nf3 Bf5 3. c4 e6 4. Nc3 Nf6 5. Bg5 Bb4 6. Qa4+ Nc6 7. Ne5 O-O 8. Nxc6 Bxc3+ 9. bxc3 bxc6 10. Qxc6 Rb8 11. f3 Rb2 12. Bc1 Rb6 13. Qa4 Re8 14. e3 e5 15. c5 Rbe6 16. Bb5 c6 17. Bxc6 Rxc6 18. Qxc6 exd4 19. cxd4 Qa5+ 20. Kf2 Qc3 21. g4 Bxg4 22. fxg4 Qxa1 23. g5 Ne4+ 24. Kf3 Rf8 25. Qxd5 Nc3 26. Qb3 Nxa2 27. Kg2 Nxc1 28. Qc2 Qa3 29. Qxc1 Qd3 30. Rd1 Qe4+ 31. Kg1 Qg4+ 32. Kf2 Qxg5 33. Rg1 Qh4+ 34. Kg2 Re8 35. Qd2 Re6 36. Kf3 Rf6+ 37. Ke2 Rf2+ 38. Kd3 Rxd2+ 39. Kxd2 Qf2+ 0-1


[Site "https://www.chess.com"]

[Event "Titled Tuesday Blitz November 08 Early 2022"]
[White "Bon, Michael"]
[Black "Santos Flores, Alberto"]
[WhiteFideId "620696"]
[BlackFideId "3601234"]
[WhiteElo "2311"]
[BlackElo "2235"]
[Result "1-0"]
[Round "06"]
[TimeControl "180+1"]
[Date "2022.11.09"]
[WhiteClock "0:00:06"]
[BlackClock "0:00:01"]

1. e4 c5 2. c3 g6 3. d4 cxd4 4. cxd4 d5 5. e5 Nc6 6. h4 h5 7. Nc3 Bg7 8. Be3 Nh6 9. Bd3 Bf5 10. Nf3 Bxd3 11. Qxd3 Nf5 12. O-O e6 13. g3 a6 14. Na4 Qe7 15. a3 O-O 16. b4 Nxe3 17. Qxe3 a5 18. b5 Na7 19. Qd3 Rac8 20. Nb6 Rc7 21. Rac1 Nc8 22. Na4 Qd7 23. Nc5 Qe7 24. a4 Nb6 25. Nd2 Rfc8 26. Ra1 Nc4 27. Nxc4 dxc4 28. Qc3 b6 29. Ne4 Rd7 30. Nd6 Rxd6 31. exd6 Qxd6 32. Rfd1 e5 33. dxe5 Qxe5 34. Qxe5 Bxe5 35. Rac1 c3 36. Rc2 Rc4 37. Ra1 Kf8 38. Kf1 Re4 39. Raa2 Ke7 40. Re2 Rxe2 41. Rxe2 Kd6 42. Ke1 Bd4 43. Kd1 Kc5 44. Kc2 f5 45. Re6 Bxf2 46. Rxg6 Kb4 47. Rg5 Kxa4 48. Rxf5 Bxg3 49. Rxh5 Kb4 50. Rh7 a4 51. h5 a3 52. Ra7 Bf4 53. Ra6 Kxb5 54. Rxa3 Be5 55. h6 Kc4 56. Ra4+ Kc5 57. Re4 Bf6 58. Re6 Bd4 59. h7 b5 60. Re4 Bg7 61. Rg4 Be5 62. Rg8 Kc4 63. h8=Q Bxh8 64. Rxh8 b4 65. Rh4+ Kc5 66. Kb3 1-0


[Site "https://www.chess.com"]

[Event "Titled Tuesday Blitz November 08 Early 2022"]
[White "Broca Jimenez, Fernando"]
[Black "Rodriguez Fontecha, Marcos"]
[WhiteFideId "5104742"]
[BlackFideId "2256576"]
[WhiteElo "2062"]
[BlackElo "2263"]
[Result "0-1"]
[Round "06"]
[TimeControl "180+1"]
[Date "2022.11.09"]
[WhiteClock "0:00:02"]
[BlackClock "0:01:46"]

1. e4 d5 2. exd5 Qxd5 3. d4 Nf6 4. Nc3 Qd6 5. Nf3 g6 6. Be2 Bg7 7. O-O O-O 8. Bg5 c6 9. Qd2 Rd8 10. Rad1 Bf5 11. Rfe1 Na6 12. Nh4 Be6 13. Nf3 Nb4 14. Bxf6 exf6 15. Ne4 Qf8 16. a3 Nd5 17. Nc5 Bc8 18. Bc4 b6 19. Bxd5 Rxd5 20. c4 Rd8 21. Ne4 f5 22. Nc3 Be6 23. Qe2 Re8 24. Qd3 Qd6 25. Ne5 Rad8 26. Qe3 Bc8 27. Qg3 c5 28. dxc5 Qxc5 29. Rxd8 Rxd8 0-1


[Site "https://www.chess.com"]

[Event "Titled Tuesday Blitz November 08 Early 2022"]
[White "Brown, Andrew"]
[Black "Lohani, Sujana"]
[WhiteFideId "3206513"]
[BlackFideId "12311987"]
[WhiteElo "2245"]
[BlackElo "1691"]
[Result "1-0"]
[Round "06"]
[TimeControl "180+1"]
[Date "2022.11.09"]
[WhiteClock "0:00:04"]
[BlackClock "0:00:01"]

1. d4 g6 2. c4 Bg7 3. Nc3 d6 4. g3 e5 5. Nf3 exd4 6. Nxd4 Nf6 7. Bg2 O-O 8. O-O c6 9. Bg5 Qb6 10. Nb3 Qc7 11. Qd2 Be6 12. Bf4 Rd8 13. c5 Qd7 14. cxd6 Bh3 15. Nc5 Qf5 16. Nxb7 Bxg2 17. Nxd8 Bxf1 18. Rxf1 Qd7 19. Nxf7 Qxf7 20. e4 Nbd7 21. e5 Nd5 22. Nxd5 cxd5 23. Re1 Re8 24. Qa5 Nxe5 25. Bxe5 Bxe5 26. d7 Qxd7 27. Kg2 Qb7 28. f4 Qxb2+ 29. Kh3 Qc3 30. Qxd5+ Kg7 31. Rxe5 Rxe5 32. Qxe5+ 1-0


[Site "https://www.chess.com"]

[Event "Titled Tuesday Blitz November 08 Early 2022"]
[White "Cabezas Solano, David Alejandro"]
[Black "Yeremyan, Alen"]
[WhiteFideId "6507522"]
[BlackFideId "13308998"]
[WhiteElo "2035"]
[BlackElo "2159"]
[Result "1/2-1/2"]
[Round "06"]
[TimeControl "180+1"]
[Date "2022.11.09"]
[WhiteClock "0:00:04"]
[BlackClock "0:02:01"]

1. d4 Nf6 2. Nf3 g6 3. c4 Bg7 4. g3 O-O 5. Bg2 d5 6. cxd5 Qxd5 7. O-O Qh5 8. Nc3 Bh3 9. e4 Ng4 10. Nh4 Bxg2 11. Kxg2 Rd8 12. h3 Nf6 13. Be3 Nc6 14. d5 Qxd1 15. Rfxd1 Ne5 16. Bf4 Nfd7 17. Rac1 c6 18. b3 Rac8 19. Nf3 Nxf3 20. Kxf3 Ne5+ 21. Ke2 e6 22. dxe6 fxe6 23. Bg5 Rxd1 24. Rxd1 Nf7 25. Bd2 Rd8 26. Be1 Rxd1 27. Kxd1 Nd6 28. f3 Be5 29. Ke2 Kf7 30. Kd3 g5 31. Ne2 h6 32. f4 gxf4 33. gxf4 Bg7 34. Bb4 Nb5 35. a4 Nc7 36. Bd6 Ne8 37. Bb8 a6 38. e5 Bf8 39. Ng3 Be7 40. Kc4 Ng7 41. b4 b5+ 42. axb5 axb5+ 43. Kc3 Nf5 44. Ne4 Ne3 45. Nd6+ Kf8 46. Kd4 Nd5 47. Kc5 Nxf4 48. Kxc6 Nd3 49. Kxb5 Nxe5 50. Ne4 Nd3 51. Bd6 Ke8 52. Bxe7 Kxe7 53. Kc4 Ne5+ 54. Kd4 Nf3+ 55. Ke3 Nh4 56. b5 Ng6 57. Kd4 Kd7 58. Nf6+ Kc7 59. Ng4 h5 60. Ne5 Nf4 61. h4 Kb6 62. Ke4 Ng2 63. Ng6 Kxb5 64. Ke5 Kc5 65. Kxe6 Kc6 66. Kf5 Kd6 67. Kg5 Ke6 68. Kxh5 Kf6 69. Kh6 Ne3 70. h5 Ng4+ 71. Kh7 Kg5 72. h6 Nf6+ 73. Kg7 Nh5+ 74. Kh7 Nf6+ 75. Kg7 Nh5+ 76. Kh7 Nf6+ 1/2-1/2


[Site "https://www.chess.com"]

[Event "Titled Tuesday Blitz November 08 Early 2022"]
[White "Cella, Glaucio Dalla Cortt"]
[Black "Grot, Blazej"]
[WhiteFideId "2119455"]
[BlackFideId "21835845"]
[WhiteElo "2011"]
[BlackElo "1822"]
[Result "1-0"]
[Round "06"]
[TimeControl "180+1"]
[Date "2022.11.09"]
[WhiteClock "0:00:36"]
[BlackClock "0:00:16"]

1. e4 c5 2. Nf3 e6 3. c3 Nf6 4. e5 Nd5 5. d4 cxd4 6. cxd4 b6 7. Nc3 Bb7 8. Bd3 d6 9. O-O Nd7 10. Nxd5 Bxd5 11. Bf4 dxe5 12. dxe5 Be7 13. Qe2 O-O 14. Rfd1 Qc7 15. Rac1 Qb7 16. Ng5 Bxg5 17. Bxg5 Bxg2 18. Ba6 Bf3 19. Bxb7 Bxe2 20. Rxd7 Rab8 21. Be7 Rfe8 22. Bd6 Rbd8 23. Rxd8 Rxd8 24. Rc8 Rxc8 25. Bxc8 h5 26. b4 Bc4 27. a4 Bd5 28. Bd7 g6 29. Bb8 a6 30. Bc7 Kf8 31. Bxb6 Bb7 32. Bc5+ Kg7 33. b5 f6 34. exf6+ Kxf6 35. Bc6 Bc8 36. b6 1-0


[Site "https://www.chess.com"]

[Event "Titled Tuesday Blitz November 08 Early 2022"]
[White "Chigaev, Maksim"]
[Black "Baskakov, Egor"]
[WhiteFideId "4108116"]
[BlackFideId "24197866"]
[WhiteElo "2541"]
[BlackElo "2211"]
[Result "0-1"]
[Round "06"]
[TimeControl "180+1"]
[Date "2022.11.08"]
[WhiteClock "0:00:02"]
[BlackClock "0:00:50"]

1. Nf3 Nf6 2. c4 e6 3. g3 d5 4. Bg2 Be7 5. O-O O-O 6. b3 b6 7. d4 Bb7 8. Nc3 Ne4 9. Bb2 f5 10. cxd5 exd5 11. Ne5 a6 12. Rc1 Nd7 13. Nd3 Bd6 14. e3 Qe7 15. Re1 Rae8 16. Ne2 g5 17. f4 g4 18. Ne5 Ndf6 19. Nc3 Nxc3 20. Bxc3 Qg7 21. Re2 h5 22. Rec2 h4 23. Be1 hxg3 24. hxg3 a5 25. a4 Ne4 26. Bxe4 dxe4 27. Rh2 Re6 28. Bc3 Bd5 29. Kg2 Rh6 30. Qh1 Rff6 31. Rh5 Qh7 32. Rh4 Rxh4 33. gxh4 Bxb3 34. d5 Rh6 35. Kg3 Be7 36. d6 cxd6 37. Qf1 0-1


[Site "https://www.chess.com"]

[Event "Titled Tuesday Blitz November 08 Early 2022"]
[White "Concio, Michael Jr."]
[Black "Tifferet, Shaked"]
[WhiteFideId "5217873"]
[BlackFideId "2811529"]
[WhiteElo "2236"]
[BlackElo "2142"]
[Result "1-0"]
[Round "06"]
[TimeControl "180+1"]
[Date "2022.11.09"]
[WhiteClock "0:00:08"]
[BlackClock "0:00:01"]

1. d4 d5 2. c4 c6 3. Nc3 Nf6 4. Nf3 g6 5. Bf4 Bg7 6. h3 O-O 7. e3 a6 8. Be2 dxc4 9. Bxc4 b5 10. Bd3 Nd5 11. Nxd5 cxd5 12. O-O Nd7 13. Rc1 Bb7 14. Bc7 Qe8 15. Qd2 Rc8 16. Bb1 Nf6 17. Qa5 Nd7 18. Rc3 f6 19. Rfc1 e5 20. Bd6 Rxc3 21. Rxc3 Rf7 22. Rc7 e4 23. Nd2 Nf8 24. Nb3 Ne6 25. Rxf7 Kxf7 26. Nc5 Nxc5 27. dxc5 Qd7 28. Qd2 f5 29. b4 Qe6 30. a3 g5 31. Ba2 h6 32. Qc2 Bc6 33. Qd1 Bf6 34. Qh5+ Kg7 35. Bb3 Qf7 36. Qd1 Qe6 37. Bg3 Be5 38. Bxe5+ Qxe5 39. Qc1 Kg6 40. Bd1 f4 41. Bg4 fxe3 42. fxe3 d4 43. Qa1 Qg3 44. Qxd4 h5 45. Bc8 h4 46. Qd6+ Qxd6 47. cxd6 Kf6 48. Bxa6 Ke6 49. d7 Kxd7 50. Kf2 Kc7 51. Ke1 Bd7 52. a4 bxa4 53. Bc4 Kd6 54. Kd2 Ke5 55. Kc3 g4 56. hxg4 Bxg4 57. b5 Bf3 58. gxf3 exf3 59. Bf1 Ke4 60. b6 a3 61. b7 Kxe3 62. b8=Q Kf2 63. Bh3 a2 64. Kb2 Kg1 65. Qf4 f2 66. Qg4+ Kh2 67. Qg2# 1-0


[Site "https://www.chess.com"]

[Event "Titled Tuesday Blitz November 08 Early 2022"]
[White "Cruz Mendez, Jean Marco"]
[Black "Galperin, Platon"]
[WhiteFideId "3526402"]
[BlackFideId "14165414"]
[WhiteElo "2064"]
[BlackElo "2435"]
[Result "0-1"]
[Round "06"]
[TimeControl "180+1"]
[Date "2022.11.09"]
[WhiteClock "0:02:39"]
[BlackClock "0:02:44"]

1. e4 h5 2. d4 h4 3. h3 d5 4. Bd3 dxe4 5. Bxe4 Nf6 6. Bd3 Nc6 7. c3 e5 8. Nf3 e4 9. Qe2 Qe7 10. d5 exd3 0-1


[Site "https://www.chess.com"]

[Event "Titled Tuesday Blitz November 08 Early 2022"]
[White "Dahlgren, James Allen"]
[Black "Forgacs, Attila Jr."]
[WhiteFideId "22256873"]
[BlackFideId "773654"]
[WhiteElo "2208"]
[BlackElo "2168"]
[Result "0-1"]
[Round "06"]
[TimeControl "180+1"]
[Date "2022.11.09"]
[WhiteClock "0:00:08"]
[BlackClock "0:00:18"]

1. e4 e5 2. Nc3 Nf6 3. Nf3 Nc6 4. d4 exd4 5. Nd5 Nxe4 6. Bc4 Be7 7. O-O O-O 8. Re1 Nf6 9. Nxe7+ Nxe7 10. Bg5 Nf5 11. Nxd4 d5 12. Nxf5 Bxf5 13. Bxf6 Qxf6 14. Qxd5 c6 15. Qe5 Qxe5 16. Rxe5 Bxc2 17. Re7 b5 18. Bb3 Bxb3 19. axb3 Rfe8 20. Rxe8+ Rxe8 21. Kf1 Re7 22. Ra6 Rc7 23. Ke2 Kf8 24. Kd3 c5 25. Ke4 Rd7 26. Rc6 Rd4+ 27. Ke5 Rb4 28. Kd6 g6 29. Rc8+ Kg7 30. Rxc5 Rxb3 31. Rc2 a5 32. Kc5 a4 33. h4 h5 34. g3 Kf6 35. Re2 Kf5 36. Kb6 Kg4 37. Ka5 Kf3 38. Rc2 f5 39. Kb6 b4 40. Kb5 a3 41. bxa3 bxa3+ 42. Kc4 Rb2 43. Rc3+ Kxf2 44. Rxa3 Re2 45. Kd4 Re4+ 46. Kd5 Re3 47. Ra6 Rxg3 48. Ke5 Rg4 49. Ra2+ Kg3 0-1


[Site "https://www.chess.com"]